[Event "FIDE Women GP Cyprus 2025"]
[Site "Nicosia"]
[Date "2025.03.21"]
[Round "6.1"]
[White "Dzagnidze, Nana"]
[Black "Harika, Dronavalli"]
[Result "0-1"]
[Annotator "TA"]
[ECO "A13"]
[WhiteElo "2513"]
[BlackElo "2483"]
[PlyCount "130"]
[EventDate "2025.03.10"]
[EventType "tourn"]
[EventCountry "CYP"]
[SourceTitle "playchess.com"]
[Source "ChessBase"]
[SourceQuality "1"]
[TimeControl "40/5400+30:1800+30"]

1. c4 e6 2. Nf3 d5 3. e3 Nf6 4. b3 Bd6 5. Bb2 O-O 6. Nc3 {[%emt 0:01:50] A13: English Opening: 1...e6.} Re8 7. Qc2 {[%emt 0:06:45] 7.Nb5 is becoming the main line.} c5 8. Nb5 {[%emt 0:27:50] [#] The position is equal.} d4 $146 (8... Bf8 9. Be5 Nc6 10. Bc7 Qd7 11. Ne5 Qe7 12. Bd6 Qd8 13. Bc7 Qe7 14. Bd6 Qd8 {½-½ Rakhmanov,A (2640)-Matlakov,M (2674) RUS-chT 29th 2022 (7.1)}) 9. exd4 $14 cxd4 10. Nxd6 $1 (10. Bxd4 e5 11. Nxd6 (11. Bxa7 e4 $17) 11... Qxd6 $11) (10. Nfxd4 Bc5 11. b4 Bxb4 $11) (10. Nbxd4 e5 11. Nb5 Bf8 $17) 10... Qxd6 11. Nxd4 (11. Bxd4 e5 12. Be3 Nc6 $11) 11... e5 12. Nb5 Qd8 13. c5 Nc6 14. Nd6 Re7 15. Bc4 b6 16. Ba3 (16. O-O $1 $14 bxc5 17. Bxf7+ Rxf7 18. Nxf7 Kxf7 19. Qxc5) 16... Nd4 $11 17. Qd3 (17. Qc1 {simplifies} Rd7 18. O-O bxc5 19. Nxc8 Rxc8 20. Re1) 17... bxc5 (17... Bg4 $1 $11) 18. Bxc5 $14 {[%emt 0:00:36] And now Nxc8 would win. This pair of bishops is nice.} Rd7 19. Nf5 (19. Nxf7 $1 $14 {was the only good move.} Rxf7 20. Bxd4 (20. Bxf7+ Kxf7 21. Bxd4 a5 $11) 20... exd4 (20... Qxd4 21. Qxd4 exd4 22. Rc1 $14) 21. Bxf7+ Kxf7 22. O-O) 19... Nxf5 $2 ({Black should try} 19... e4 $19 20. Ne7+ Kh8 (20... Rxe7 21. Qxd4 Rd7 22. Qe5 $16)) 20. Qxf5 $11 Rd5 21. Qf3 e4 $1 22. Qe3 Ng4 $1 23. Qc3 {[%emt 0:00:35] Counterplay Black} (23. Qxe4 $2 Re5 $19) 23... Rxc5 24. Bxf7+ Kxf7 25. Qxc5 Be6 {[%emt 0:03:37] Active counter play!} 26. O-O Qxd2 27. f3 exf3 28. Rxf3+ Nf6 (28... Kg6 {feels hotter.} 29. Qc3 Rd8 30. Raf1 Qxc3 31. Rxc3 Nf6) 29. Raf1 Qd5 {[%emt 0:00:28] Really sharp!} (29... Qxa2 $2 30. Qc7+ Kg8 31. Rg3 $18) 30. Qf2 Kg8 $36 {[%emt 0:00:35][%mdl 2048] Black fights for an advantage.} 31. Kh1 {[%emt 0:00:02] White is weak on the light squares} a5 32. Qg3 Ne4 33. Qf4 Nf6 (33... g5 $15 34. Qc1 Rd8) 34. Re3 (34. Qg3 $11 Kh8 35. Rd3) 34... Bf7 35. Re5 Qd3 36. Qf5 Qxf5 37. Rfxf5 a4 38. bxa4 Rxa4 39. Ra5 Rxa2 40. Rxa2 Bxa2 41. Ra5 Bd5 42. Ra7 h6 43. Kg1 Kh7 44. Kf2 Kg6 45. Rc7 Be6 46. Ra7 Nd5 47. Kf3 Kf6 48. Ra6 Kf5 49. Ra5 g5 50. Rc5 h5 51. Ra5 Ke5 52. Kf2 Bf5 53. Ra8 Be4 54. Re8+ Kf5 55. Rf8+ Nf6 56. g3 Bc6 57. Kg1 $2 {[%emt 0:00:25][%mdl 8192] [#]} (57. Rf7 $15) 57... Be8 $1 $19 {[%emt 0:00:00] ( -> ...Kg6)} 58. g4+ {[%emt 0:05:01] [#]} hxg4 $2 (58... Kxg4 $2 {too greedy.} 59. Rxf6 Ba4 60. Kf2 $18) (58... Kg6 $1 $19 {[%cal Rg6g7] is more deadly. ( -> ...Kg7)} 59. h4 gxh4 (59... hxg4 $2 60. hxg5 Kxg5 61. Kh2 $19) 60. gxh5+ Kg7 (60... Kxh5 61. Rxf6 Bg6 62. Kh2 $11) (60... Nxh5 61. Rxe8 Kf5 62. Ra8 $11)) 59. Kg2 Kg6 60. Kg3 $2 (60. Kf2 $17 Kg7 61. Rxe8 Nxe8 62. Kg3) 60... Kg7 {[%emt 0:00:00] Black mates.} 61. Rxf6 Kxf6 62. Kxg4 Bd7+ 63. Kh5 Kf5 64. Kh6 Kg4 65. Kg6 Kh4 {[%emt 0:00:00] Weighted Error Value: White=0.34/Black=0.20 (precise)   Loses game:     	White=3     	---        Missed win:     	---       	Black=1      Mistake:       	White=2     	Black=3      Inaccurate:     	White=3     	Black=2      OK:         	White=18    	Black=20     Best:        	White=1     	Black=3      Strong:       	White=1     	Black=3} 0-1

[Event "FIDE Women GP Cyprus 2025"]
[Site "Nicosia"]
[Date "2025.03.21"]
[Round "6.2"]
[White "Muzychuk, Mariya"]
[Black "Paehtz, Elisabeth"]
[Result "1-0"]
[Annotator "TA"]
[ECO "B90"]
[WhiteElo "2490"]
[BlackElo "2424"]
[PlyCount "65"]
[EventDate "2025.03.10"]
[EventType "tourn"]
[EventCountry "CYP"]
[SourceTitle "playchess.com"]
[Source "ChessBase"]
[SourceQuality "1"]
[TimeControl "40/5400+30:1800+30"]

1. e4 c5 2. Nf3 d6 3. d4 cxd4 4. Nxd4 Nf6 5. Nc3 a6 6. h3 e5 7. Nb3 {[%emt 0:00:40] is the new trend.} Be7 {[%emt 0:00:08] B90: Sicilian Najdorf: Unusual White 6th moves, 6 Be3 Ng4 and 6 Be3 e5.} 8. g4 h6 9. Be3 Nbd7 {[%emt 0:00:08] The position is equal.} 10. Bg2 Nb6 $146 ({Predecessor:} 10... b5 11. O-O Bb7 12. f4 b4 13. Nd5 Nxd5 14. exd5 O-O 15. a3 bxa3 16. Rxa3 a5 {0-1 Karthikeyan,M (2530)-Bok,B (2598) London Classic op 8th 2016 (5)}) 11. Qd3 {[%emt 0:03:21] Inhibits Nc4.} Qc7 12. Nd2 Bd7 13. Bxb6 Qxb6 14. Nc4 Qc6 (14... Qc5 $11) 15. O-O-O $14 O-O 16. Ne3 Qc5 (16... b5 $11) 17. Qe2 Rfc8 {[%emt 0:23:54] [#]} (17... b5 $11 {remains equal.}) 18. h4 $1 $16 {[%emt 0:02:25] White leaves nothing to chance now.} g6 19. Bh3 Bf8 (19... Bb5 $16 20. Qf3 Rc7) 20. g5 $18 Bxh3 21. Rxh3 Nh5 {[%emt 0:00:05] [#]} 22. Ncd5 Rc6 23. Kb1 {[%emt 0:10:49] aiming for Qf3.} Rac8 24. c3 {[%emt 0:00:00][%csl Od5] Strong Square White (d5)} b5 25. gxh6 b4 (25... Bxh6 $142 26. Nf5 Kh7) 26. Ng4 {[%emt 0:04:35] Excellent horsemanship.} (26. cxb4 $2 Qc1+ 27. Rxc1 Rxc1#) (26. Nxb4 $18 Rb6 27. Ned5 (27. Nxa6 Qxc3 28. Nd5 Rxb2+ 29. Qxb2 Qxh3 $17)) 26... bxc3 27. Rxc3 Qb5 (27... Qa7 $16 28. Rxc6 Rxc6 29. Ngf6+ Nxf6 30. Nxf6+ Kh8) 28. Qxb5 axb5 29. Rf3 Rc4 $2 (29... Nf4 30. Nxf4 exf4) 30. Nb6 {[%emt 0:06:21] White is winning.} Rxe4 31. Nxc8 Rxg4 32. h7+ ({But not} 32. Nxd6 f6 33. Nxb5 Kh7) 32... Kxh7 33. Rxf7+ {[%emt 0:00:02] Weighted Error Value: White=0.15 (very precise) /Black=0.41  Mistake:       	White=1     	Black=7      Inaccurate:     	White=3     	Black=2      OK:         	White=11    	Black=5      Best:        	White=2     	Black=2      Strong:       	White=1     	---} ({Less strong is} 33. Nxd6 Bxd6 34. Rxd6 Kg7 $16) 1-0

[Event "FIDE Women GP Cyprus 2025"]
[Site "Nicosia"]
[Date "2025.03.21"]
[Round "6.3"]
[White "Goryachkina, Aleksandra"]
[Black "Badelka, Olga"]
[Result "1/2-1/2"]
[Annotator "TA"]
[ECO "C65"]
[WhiteElo "2548"]
[BlackElo "2429"]
[PlyCount "118"]
[EventDate "2025.03.10"]
[EventType "tourn"]
[EventCountry "CYP"]
[SourceTitle "playchess.com"]
[Source "ChessBase"]
[SourceQuality "1"]
[TimeControl "40/5400+30:1800+30"]

1. e4 e5 2. Nf3 Nc6 3. Bb5 Nf6 4. d3 Bc5 5. c3 O-O 6. Bg5 {[%emt 0:00:56] C65: Ruy Lopez: Berlin Defence (3...Nf6), unusual lines and 4 0-0 Bc5.} h6 7. Bh4 Be7 8. Bg3 d6 9. O-O Nh7 $146 ({Predecessor:} 9... a6 10. Ba4 Nh5 11. Nbd2 Nxg3 12. hxg3 Nb8 13. d4 Bf6 14. Re1 g6 15. Nf1 h5 {½-½ Rapport,R (2715)-Vidit,S (2721) Tashkent UzChess Masters 2024 (6)}) 10. Re1 f5 11. exf5 Bxf5 12. d4 e4 13. Nfd2 d5 14. f3 exf3 15. Nxf3 Bd6 16. Bxd6 Qxd6 17. Nbd2 Nf6 18. Bxc6 bxc6 19. Ne5 c5 20. Nb3 Ne4 21. Nxc5 Nxc5 22. dxc5 Qxc5+ 23. Qd4 Qb6 24. Qxb6 axb6 25. Nc6 Be4 {[%emt 0:01:38] [#]} 26. c4 $1 Kh7 27. Nb4 Rf5 28. Rad1 Rg5 29. Rd2 Ra5 (29... c6 $11) 30. a3 h5 31. h4 Rf5 32. Nc6 Rc5 33. Nd4 Rf6 34. cxd5 Bxd5 35. b4 $36 {[%emt 0:00:38][%mdl 2048] White has the initiative.} Rc4 36. Re5 c6 (36... Bf7 $11) 37. Rxh5+ $14 Kg8 38. Nf5 (38. b5 $14) 38... g6 (38... Re4 $11 39. Nd4 g6) 39. Ne7+ Kf7 {[%emt 0:01:02] [#]} ({Better is} 39... Kg7 $14 40. Rg5 Bf7) 40. Rh7+ $1 $16 Ke6 41. Nc8 Rc1+ 42. Kh2 {[%emt 0:00:00] White is more active.} Rff1 43. Nxb6 Rh1+ 44. Kg3 Rc3+ 45. Kf2 Rxa3 46. Re2+ (46. Nxd5 {simplifies} cxd5 47. Rb2 Raa1 48. Rh8) 46... Kf5 47. Nxd5 cxd5 $14 {[%emt 0:00:03][%mdl 4096] Endgame KRR-KRR. White is a pawn up.} 48. Rb2 {[%emt 0:00:00] and b5 would now be decisive Dodges Rb3} Raa1 49. Rf7+ Ke6 50. Rf3 Rab1 51. Rxb1 Rxb1 {[%emt 0:00:04] KR-KR. White is a pawn up.} 52. Rf4 Ke5 53. g3 Rb2+ {[%emt 0:02:02] The position is equal.} 54. Kf1 d4 55. Rg4 Rxb4 56. Rxg6 Ke4 57. Ke2 d3+ 58. Kd2 {[%emt 0:01:10] Intending Rg4+ and mate.} Rb2+ 59. Kd1 Rb1+ {[%emt 0:00:20] Weighted Error Value: White=0.08 (flawless) /Black=0.10 (very precise)   Mistake:       	White=1     	Black=4      Inaccurate:     	White=6     	Black=1      OK:         	White=22    	Black=23     Best:        	White=4     	Black=7      Strong:       	White=1     	---} (59... Ke3 $5 60. Re6+ $8 Kf3 $11) 1/2-1/2

[Event "FIDE Women GP Cyprus 2025"]
[Site "Nicosia"]
[Date "2025.03.21"]
[Round "6.4"]
[White "Muzychuk, Anna"]
[Black "Zhu, Jiner"]
[Result "1/2-1/2"]
[Annotator "TA"]
[ECO "B52"]
[WhiteElo "2516"]
[BlackElo "2514"]
[PlyCount "104"]
[EventDate "2025.03.10"]
[EventType "tourn"]
[EventCountry "CYP"]
[SourceTitle "playchess.com"]
[Source "ChessBase"]
[SourceQuality "1"]
[TimeControl "40/5400+30:1800+30"]

1. e4 c5 2. Nf3 d6 3. Bb5+ Bd7 4. Bxd7+ Qxd7 5. c4 Nf6 6. Nc3 Nc6 {[%emt 0:00:07] B52: Sicilian: Moscow Variation with 3...Bd7.} 7. d4 Qg4 {[%emt 0:00:18] [#] Hoping for ...cxd4.} 8. d5 Nd4 {[%emt 0:00:06] White is slightly better.} 9. Nxd4 Qxd1+ 10. Kxd1 cxd4 11. Nb5 Rc8 {[%emt 0:00:05] Wards off Nc7+} 12. Ke2 Nxe4 13. f3 {[%emt 0:01:50] White sacrificed a pawn} Nf6 $146 (13... d3+ 14. Ke3 Nf6 15. Kxd3 a6 16. Nc3 g6 17. a4 Bg7 18. a5 Nd7 19. b3 e6 {0-1 Menke,J (2481)-Degerhammar,R (2475) ICCF GMN/042 email 2014}) 14. b3 (14. Nxd4 $2 Rxc4 15. Kd3 Rc5 $19) 14... a6 15. Nxd4 Kd7 16. a4 e5 {[%emt 0:05:15] The position is equal.} 17. dxe6+ fxe6 18. Bd2 d5 19. cxd5 Nxd5 20. Rac1 Bc5 21. Nc2 Rc6 22. Ne1 Rhc8 23. Nd3 Bd6 {[%emt 0:00:35] Repels Ne5+} 24. Rxc6 Rxc6 25. g3 Rc2 26. Ra1 h5 27. Kd1 Rc6 28. Ke2 Rc2 29. Kd1 Rc6 30. Ke2 Ne7 31. Rc1 Nf5 32. Bc3 {[%emt 0:02:53] Prevents Nd4+} g5 33. Kd2 Rc8 34. Rf1 h4 35. g4 Ne3 36. Re1 Nd5 (36... Bxh2 $2 {perishes.} 37. Rxe3 Bd6 38. Re1 $18) 37. Be5 Bb4+ 38. Nxb4 Nxb4 $11 {[%emt 0:00:04][%mdl 4096] Endgame KRB-KRN} 39. Re4 Nd5 40. Rc4 Rf8 41. Ke2 Ke7 42. Rc5 Rd8 43. Rc1 Kf7 44. Rc4 Kg6 45. Kf2 Kf7 46. Ke2 Kg6 47. Kf2 Ra8 48. Ke2 Rf8 49. Rc1 Rd8 50. Rc4 Rf8 51. Rc1 Rd8 52. Rc4 Rf8 {[%emt 0:00:04] Weighted Error Value: White=0.03 (flawless) /Black=0.02 (flawless)   OK:         	White=23    	Black=22     Best:        	White=1     	---} 1/2-1/2

[Event "FIDE Women GP Cyprus 2025"]
[Site "Nicosia"]
[Date "2025.03.21"]
[Round "6.5"]
[White "Divya Deshmukh"]
[Black "Tsolakidou, Stavroula"]
[Result "1/2-1/2"]
[Annotator "TA"]
[ECO "C84"]
[WhiteElo "2470"]
[BlackElo "2445"]
[PlyCount "81"]
[EventDate "2025.03.10"]
[EventType "tourn"]
[EventCountry "CYP"]
[SourceTitle "playchess.com"]
[Source "ChessBase"]
[SourceQuality "1"]
[TimeControl "40/5400+30:1800+30"]

1. e4 e5 2. Nf3 Nc6 3. Bb5 a6 4. Ba4 Nf6 5. O-O Nxe4 6. d4 Be7 7. Re1 b5 8. Rxe4 {[%emt 0:00:09] [#] and Bb3 would now be decisive C84: Closed Ruy Lopez: Unusual White 6th moves.} ({Don't play} 8. Nxe5 Nxe5 9. dxe5 Bb7 $11 (9... Nxf2 10. Qf3 $11)) (8. dxe5 Nxf2 9. Kxf2 bxa4 $17) 8... d5 9. Nxe5 $1 Nxe5 10. Rxe5 {[%emt 0:00:03] White is slightly better.} bxa4 11. b3 {[%emt 0:12:32][%csl Oa4,Oa6] Black has weak pawns} O-O 12. Ba3 Bxa3 13. Nxa3 Re8 14. Rxe8+ Qxe8 15. Nb1 Qc6 {[%emt 0:04:47] Repels Nc3} 16. Qd2 Bf5 17. Nc3 a3 18. Re1 Rd8 $146 (18... f6 19. h3 h5 20. Re2 Kh7 21. Na4 Re8 22. Nc5 a5 23. c3 Qb5 24. Re3 Rxe3 25. Qxe3 {0-1 Ivic,V (2581)-Martinez Alcantara,J (2620) Titled Tuesday intern op 09th Feb blitz 2021 (4)}) 19. Re2 h5 20. Re5 Bg6 21. h3 Rd6 22. Kf1 f6 23. Re2 Re6 24. Rxe6 Qxe6 $11 {[%emt 0:00:05][%mdl 4096] Endgame KQB-KQN} 25. Nd1 {[%emt 0:00:02] The position is equal.} Qd6 26. Ke2 c6 27. Qc3 f5 28. f4 Qxf4 {[%emt 0:06:58] [#]} 29. Qxc6 Bf7 30. Qc8+ (30. Qxa6 Qe4+ 31. Kf1 (31. Ne3 $2 f4 $19) 31... Qxc2 $11 (31... Qxd4 32. Qe2 $17)) 30... Kh7 31. Ne3 Bg6 32. Qc5 (32. Nxd5 $2 Qe4+ (32... Qxd4 33. Qe6 $19) 33. Kf1 (33. Ne3 $2 f4 $19) 33... Qxd5 $19) (32. Qxa6 $2 Qg3 33. Nd1 (33. Nxd5 $2 Qxg2+ 34. Ke1 Qxd5 $19) (33. Qxa3 $2 f4 $19) 33... Qxg2+ 34. Nf2 f4 $19) 32... Qg3 33. Qxd5 (33. Qxa3 $2 {perishes.} f4 34. Qc1 fxe3 $19) 33... f4 34. Nd1 Bxc2 35. Qxh5+ Kg8 36. Qe8+ Kh7 37. Qh5+ Kg8 38. Qe8+ Kh7 39. Qh5+ Kg8 40. Qd5+ Kh7 {[%emt 0:00:38] and ...Qd3+ should not be overlooked} 41. Qh5+ {[%emt 0:07:54] Weighted Error Value: White=0.05 (flawless) /Black=0.03 (flawless)   Inaccurate:     	White=2     	Black=1      OK:         	White=11    	Black=15     Best:        	White=4     	Black=1      Strong:       	White=1     	---} 1/2-1/2